SAA
DURHAM RAPIERS @ CHESAPEAKE CONTINENTALS
06/24/2026
 
TOP OF THE 1ST
Durham Rapiers batting - Pitching for Chesapeake Continentals : RHP Greg Rook
Pitching: RHP Greg Rook
Batting: RHB Sean Godron 0-0: Ball
1-0: Ball
2-0: Foul Ball, location: 2F
2-1: Foul Ball, location: 2F
2-2: Ball
3-2: Base on Balls
Batting: RHB Miguel Canales 0-0: Ball
1-0: Foul Ball, location: 2F
1-1: Ball
2-1: Ball
3-1: Foul Ball, location: 2F
3-2: Strikes out swinging
Batting: LHB Jesús Morales 0-0: Called Strike
0-1: Ball
1-1: Swinging Strike
1-2: Strikes out swinging
Batting: LHB Rick Mayfield 0-0: Foul Ball, location: 2F
0-1: DOUBLE (Flyball, 89D)
Sean Godron to third
Runner from 3rd tries for Home, SAFE, no throw
Batting: RHB Vincent Klein 0-0: Called Strike
0-1: SINGLE (Line Drive, 6M)
Rick Mayfield to third
Runner from 3rd tries for Home, SAFE, no throw
Batting: RHB Tim Burney 0-0: Ball
1-0: Foul Ball, location: 2F
1-1: SINGLE (Line Drive, 56)
Vincent Klein to second
Batting: RHB Orlando Montoya 0-0: Fly out, F9 (Flyball, 9S)
Top of the 1st over - 2 run(s), 3 hit(s), 0 error(s), 2 left on base; Durham 2 - Chesapeake 0
BOTTOM OF THE 1ST
Chesapeake Continentals batting - Pitching for Durham Rapiers : RHP Mack MacDonald
Pitching: RHP Mack MacDonald
Batting: RHB Ken Sandoval 0-0: Ball
1-0: Foul Ball, location: 2F
1-1: Ball
2-1: Ball
3-1: Foul Ball, location: 2F
3-2: SOLO HOME RUN (Flyball, 7LD), Distance : 353 ft
Batting: RHB Gabriel Guerrero 0-0: Ball
1-0: Called Strike
1-1: Ball
2-1: Ball
3-1: Called Strike
3-2: Foul Ball, location: 2F
3-2: Foul Ball, location: 2F
3-2: Base on Balls
Batting: RHB Lionel McCloud 0-0: Called Strike
0-1: Ball
1-1: Ball
2-1: Called Strike
2-2: Fly out, F7 (Flyball, 7LS)
Batting: SHB Ludovic Michel 0-0: 2-RUN HOME RUN (Flyball, 7D), Distance : 375 ft
Batting: RHB Rudko Hrnjak 0-0: Ball
1-0: Ball
2-0: Fly out, F8 (Line Drive, 8LM)
Batting: RHB Jouo Hirschovits 0-0: Ball
1-0: Swinging Strike
1-1: Ball
2-1: Foul Ball, location: 2F
2-2: Strikes out swinging
Bottom of the 1st over - 3 run(s), 2 hit(s), 0 error(s), 0 left on base; Durham 2 - Chesapeake 3
TOP OF THE 2ND
Durham Rapiers batting - Pitching for Chesapeake Continentals : RHP Greg Rook
Batting: RHB Carlos Méndez 0-0: Called Strike
0-1: Foul Ball, location: 2F
0-2: Ball
1-2: Ball
2-2: Strikes out looking
Batting: RHB Jules Winnfield 0-0: Foul Ball, location: 2F
0-1: Ball
1-1: SINGLE (Line Drive, 4MD)
Batting: RHB Sean Godron 0-0: Ball
1-0: Called Strike
1-1: Foul Ball, location: 2F
1-2: Fly out, F5 (Popup, 5D)
Batting: RHB Miguel Canales 0-0: Ball
1-0: Fielders Choice at 2nd, 5-4 (Groundball, 5)
Top of the 2nd over - 0 run(s), 1 hit(s), 0 error(s), 0 left on base; Durham 2 - Chesapeake 3
BOTTOM OF THE 2ND
Chesapeake Continentals batting - Pitching for Durham Rapiers : RHP Mack MacDonald
Batting: LHB José Castillo 0-0: Foul Ball, location: 2F
0-1: Foul Ball, location: 2F
0-2: Foul Ball, location: 2F
0-2: Strikes out looking
Batting: RHB Christian Hoover 0-0: Foul Ball, location: 2F
0-1: Swinging Strike
0-2: Strikes out swinging
Batting: RHB Lee Lockheart 0-0: Called Strike
0-1: Swinging Strike
0-2: Foul Ball, location: 2F
0-2: Ball
1-2: Strikes out swinging
Bottom of the 2nd over - 0 run(s), 0 hit(s), 0 error(s), 0 left on base; Durham 2 - Chesapeake 3
TOP OF THE 3RD
Durham Rapiers batting - Pitching for Chesapeake Continentals : RHP Greg Rook
Batting: LHB Jesús Morales 0-0: Ball
1-0: Ball
2-0: Foul Ball, location: 2F
2-1: TRIPLE (Line Drive, 8RXD)
Batting: LHB Rick Mayfield 0-0: Ball
1-0: Called Strike
1-1: Foul Ball, location: 2F
1-2: Fly out, F8 (Flyball, 8RD)
Runner from 3rd tags up, SCORES, no throw
Batting: RHB Vincent Klein 0-0: Ball
1-0: Ball
2-0: Ball
3-0: Called Strike
3-1: Base on Balls
Batting: RHB Tim Burney 0-0: Grounds into double play, 5-4-3 (Groundball, 5)
Top of the 3rd over - 1 run(s), 1 hit(s), 0 error(s), 0 left on base; Durham 3 - Chesapeake 3
BOTTOM OF THE 3RD
Chesapeake Continentals batting - Pitching for Durham Rapiers : RHP Mack MacDonald
Batting: RHB Ken Sandoval 0-0: Called Strike
0-1: Ball
1-1: Called Strike
1-2: Foul Ball, location: 2F
1-2: Ball
2-2: Reached on error, E5 (Groundball, 56)
Batting: RHB Gabriel Guerrero 0-0: Called Strike
0-1: Ball
1-1: Ball
2-1: Foul Ball, location: 2F
2-2: Strikes out swinging
Batting: RHB Lionel McCloud 0-0: Called Strike
0-1: Fly out, F9 (Flyball, 9)
Batting: SHB Ludovic Michel 0-0: Swinging Strike
0-1: Fly out, F5 (Popup, 5D)
Bottom of the 3rd over - 0 run(s), 0 hit(s), 1 error(s), 1 left on base; Durham 3 - Chesapeake 3
TOP OF THE 4TH
Durham Rapiers batting - Pitching for Chesapeake Continentals : RHP Greg Rook
Batting: RHB Orlando Montoya 0-0: Ball
1-0: Called Strike
1-1: Fly out, F9 (Flyball, 9LM)
Batting: RHB Carlos Méndez 0-0: Ball
1-0: Ball
2-0: Ball
3-0: Base on Balls
Batting: RHB Jules Winnfield 0-0: Foul Ball, location: 2F
0-1: Ball
1-1: Foul Ball, location: 2F
1-2: Strikes out swinging
Batting: RHB Sean Godron 0-0: Ball
1-0: Ball
2-0: Ball
3-0: Called Strike
3-1: Foul Ball, location: 2F
3-2: Foul Ball, location: 2F
3-2: Base on Balls
Carlos Méndez to second
Batting: RHB Miguel Canales 0-0: Ball
1-0: Called Strike
1-1: Ball
2-1: Foul Ball, location: 2F
2-2: Foul Ball, location: 2F
2-2: Ball
3-2: Base on Balls
Carlos Méndez to third
Sean Godron to second
Batting: LHB Jesús Morales 0-0: Ball
1-0: Ball
2-0: Swinging Strike
2-1: Called Strike
2-2: Foul Ball, location: 2F
2-2: Strikes out swinging
Top of the 4th over - 0 run(s), 0 hit(s), 0 error(s), 3 left on base; Durham 3 - Chesapeake 3
BOTTOM OF THE 4TH
Chesapeake Continentals batting - Pitching for Durham Rapiers : RHP Mack MacDonald
Batting: RHB Rudko Hrnjak 0-0: Called Strike
0-1: Ball
1-1: Ball
2-1: SOLO HOME RUN (Flyball, 7LD), Distance : 354 ft
Batting: RHB Jouo Hirschovits 0-0: Called Strike
0-1: Called Strike
0-2: Ball
1-2: Foul Ball, location: 2F
1-2: Foul Ball, location: 2F
1-2: Strikes out looking
Batting: LHB José Castillo 0-0: Swinging Strike
0-1: Ball
1-1: Ball
2-1: Foul Ball, location: 2F
2-2: Strikes out swinging
Batting: RHB Christian Hoover 0-0: Ball
1-0: Ball
2-0: Called Strike
2-1: Ground out 6-3 (Groundball, 6)
Bottom of the 4th over - 1 run(s), 1 hit(s), 0 error(s), 0 left on base; Durham 3 - Chesapeake 4
TOP OF THE 5TH
Durham Rapiers batting - Pitching for Chesapeake Continentals : RHP Greg Rook
Batting: LHB Rick Mayfield 0-0: Swinging Strike
0-1: Ball
1-1: Foul Ball, location: 2F
1-2: Ball
2-2: Ball
3-2: Strikes out swinging
Batting: RHB Vincent Klein 0-0: Ground out 5-3 (Groundball, 25)
Batting: RHB Tim Burney 0-0: Ball
1-0: Called Strike
1-1: Ball
2-1: Called Strike
2-2: SINGLE (Flyball, 8RS)
Batting: RHB Orlando Montoya 0-0: Ball
1-0: Called Strike
1-1: Called Strike
1-2: Ball
2-2: Ball
3-2: Strikes out looking
Top of the 5th over - 0 run(s), 1 hit(s), 0 error(s), 1 left on base; Durham 3 - Chesapeake 4
BOTTOM OF THE 5TH
Chesapeake Continentals batting - Pitching for Durham Rapiers : RHP Mack MacDonald
Batting: RHB Lee Lockheart 0-0: Fly out, F3 (Popup, 3L)
Batting: RHB Ken Sandoval 0-0: Foul Ball, location: 2F
0-1: Called Strike
0-2: Ground out 6-3 (Groundball, 6)
Batting: RHB Gabriel Guerrero 0-0: Ball
1-0: Called Strike
1-1: Fly out, F9 (Flyball, 9LS)
Bottom of the 5th over - 0 run(s), 0 hit(s), 0 error(s), 0 left on base; Durham 3 - Chesapeake 4
TOP OF THE 6TH
Durham Rapiers batting - Pitching for Chesapeake Continentals : RHP Greg Rook
Pitching: RHP Obadiah Small
Batting: RHB Carlos Méndez 0-0: Fly out, F9 (Flyball, 89D)
Batting: RHB Jules Winnfield 0-0: Swinging Strike
0-1: Called Strike
0-2: DOUBLE (Line Drive, 9LM)
Batting: RHB Sean Godron 0-0: Called Strike
0-1: Ball
1-1: SINGLE (Flyball, 9LM)
Jules Winnfield to third
Batting: RHB Miguel Canales 0-0: Fly out, F9 (Flyball, 9S)
Batting: LHB Jesús Morales 0-0: Ball
1-0: Swinging Strike
1-1: Swinging Strike
1-2: Strikes out swinging
Top of the 6th over - 0 run(s), 2 hit(s), 0 error(s), 2 left on base; Durham 3 - Chesapeake 4
BOTTOM OF THE 6TH
Chesapeake Continentals batting - Pitching for Durham Rapiers : RHP Mack MacDonald
Batting: RHB Lionel McCloud 0-0: Ball
1-0: SINGLE (Flyball, 8LS)
Batting: SHB Ludovic Michel 0-0: Called Strike
0-1: Called Strike
0-2: Ball
1-2: Ground out 4-3 (Groundball, 4MS)
Lionel McCloud to second
Batting: RHB Rudko Hrnjak 0-0: Ball
1-0: Called Strike
Throwing error on steal attempt, E2
Lionel McCloud scores
1-1: Ball
2-1: Ground out 4-3 (Groundball, 4M)
Batting: RHB Jouo Hirschovits 0-0: Called Strike
0-1: Ball
1-1: Ball
2-1: Ball
3-1: Fly out, F8 (Flyball, 8LM)
Bottom of the 6th over - 1 run(s), 1 hit(s), 1 error(s), 0 left on base; Durham 3 - Chesapeake 5
TOP OF THE 7TH
Durham Rapiers batting - Pitching for Chesapeake Continentals : RHP Obadiah Small
Batting: LHB Rick Mayfield 0-0: Called Strike
0-1: Ground out U3 (Groundball, 34S)
Batting: RHB Vincent Klein 0-0: Called Strike
0-1: Ground out 6-3 (Groundball, 6)
Batting: RHB Tim Burney 0-0: Ball
1-0: Ball
2-0: Fly out, F9 (Flyball, 89M)
Top of the 7th over - 0 run(s), 0 hit(s), 0 error(s), 0 left on base; Durham 3 - Chesapeake 5
BOTTOM OF THE 7TH
Chesapeake Continentals batting - Pitching for Durham Rapiers : RHP Mack MacDonald
Batting: LHB José Castillo 0-0: Ball
1-0: Ball
2-0: Ball
3-0: Base on Balls
Batting: RHB Christian Hoover 0-0: Ball
1-0: Ball
2-0: Sac Bunt - play at first, batter OUT! 2-3
José Castillo to second
Pitching: RHP Johnnie Bough
Batting: RHB Lee Lockheart 0-0: Ball
1-0: Ball
2-0: Swinging Strike
2-1: Foul Ball, location: 2F
2-2: Strikes out swinging
Batting: RHB Ken Sandoval 0-0: Ground out 5-3 (Groundball, 56)
Bottom of the 7th over - 0 run(s), 0 hit(s), 0 error(s), 1 left on base; Durham 3 - Chesapeake 5
TOP OF THE 8TH
Durham Rapiers batting - Pitching for Chesapeake Continentals : RHP Obadiah Small
Batting: RHB Orlando Montoya 0-0: Ball
1-0: Called Strike
1-1: Called Strike
1-2: Strikes out swinging
Batting: RHB Carlos Méndez 0-0: Ball
1-0: Ball
2-0: Ball
3-0: Base on Balls
Pitching: RHP Pedro Silva
Batting: RHB Jules Winnfield 0-0: Ball
1-0: Foul Ball, location: 2F
1-1: Foul Ball, location: 2F
1-2: Strikes out swinging
Batting: RHB Sean Godron 0-0: Called Strike
0-1: Ball
1-1: Ball
2-1: Called Strike
2-2: Ball
3-2: SINGLE (Groundball, 4MD)
Carlos Méndez to second
Carlos Méndez to third
Pinch Hitting: LHB Martín Cruz 0-0: SINGLE (Groundball, 34D)
Carlos Méndez scores
Sean Godron to second
Runner from 2nd tries for 3rd, SAFE, throw made to third
Pitching: LHP Rubén Campo
Pinch Hitting: SHB Tae-shik Ch'oe 0-0: SINGLE (Groundball, 56D)
Sean Godron scores
Martín Cruz to second
Pinch Hitting: RHB António Díaz 0-0: Ball
1-0: Ball
2-0: Swinging Strike
2-1: SINGLE (Flyball, 9LS)
Martín Cruz to third
Tae-shik Ch'oe to second
Runner from 3rd tries for Home, SAFE, throw made home
Batting: RHB Vincent Klein 0-0: Called Strike
0-1: Foul Ball, location: 2F
0-2: Strikes out swinging
Top of the 8th over - 3 run(s), 4 hit(s), 0 error(s), 2 left on base; Durham 6 - Chesapeake 5
BOTTOM OF THE 8TH
Chesapeake Continentals batting - Pitching for Durham Rapiers : RHP Johnnie Bough
Pitching: RHP José Morales
Now at SS: António Díaz
Now in LF: Bill Allen
Now in RF: Tae-shik Ch'oe
Batting: RHB Gabriel Guerrero 0-0: Ball
1-0: Called Strike
1-1: Ball
2-1: Ball
3-1: Called Strike
3-2: Base on Balls
Pinch Hitting: SHB Thomas Sherman 0-0: Ball
1-0: Ball
2-0: Called Strike
2-1: Swinging Strike
2-2: Grounds into double play, 4-6-3 (Groundball, 4)
Batting: SHB Ludovic Michel 0-0: Ball
1-0: Ball
2-0: Foul Ball, location: 2F
2-1: Foul Ball, location: 2F
2-2: Fly out, F8 (Line Drive, 78M)
Bottom of the 8th over - 0 run(s), 0 hit(s), 0 error(s), 0 left on base; Durham 6 - Chesapeake 5
TOP OF THE 9TH
Durham Rapiers batting - Pitching for Chesapeake Continentals : LHP Rubén Campo
Pitching: RHP Fabian Thul
Now at SS: Bryan Sanders
Batting: RHB Tim Burney 0-0: Ball
1-0: Called Strike
1-1: Ball
2-1: SINGLE (Line Drive, 78S)
Pinch Hitting: RHB Jorge López 0-0: Ball
1-0: Bunted foul
1-1: Sac Bunt - play at first, batter OUT! 5-4
Tim Burney to second
Batting: RHB Carlos Méndez 0-0: Called Strike
0-1: Ball
1-1: Ball
2-1: Foul Ball, location: 2F
2-2: Ground out 6-3 (Groundball, 6)
Batting: RHB Jules Winnfield 0-0: Ball
1-0: Swinging Strike
1-1: Ball
2-1: Ball
3-1: Called Strike
3-2: Strikes out swinging
Top of the 9th over - 0 run(s), 1 hit(s), 0 error(s), 1 left on base; Durham 6 - Chesapeake 5
BOTTOM OF THE 9TH
Chesapeake Continentals batting - Pitching for Durham Rapiers : RHP José Morales
Pitching: RHP Dave Seals
Now at 2B: Jorge López
Pinch Hitting: RHB Jorge Rodríguez 0-0: Ball
1-0: Ground out 4-3 (Groundball, 4D)
Pinch Hitting: RHB Eduardo Torres 0-0: Ball
1-0: Swinging Strike
1-1: Called Strike
1-2: Ball
2-2: Ball
3-2: DOUBLE (Line Drive, 7D)
Batting: LHB José Castillo 0-0: Called Strike
0-1: Ball
1-1: Ball
2-1: Ball
3-1: Base on Balls
Pinch Hitting: LHB Kichisaburo Otani 0-0: Called Strike
0-1: Ground out 6-3 (Groundball, 6S)
Eduardo Torres to third
José Castillo to second
Batting: RHB Lee Lockheart 0-0: Called Strike
0-1: Foul Ball, location: 2F
0-2: Strikes out looking
Bottom of the 9th over - 0 run(s), 1 hit(s), 0 error(s), 2 left on base; Durham 6 - Chesapeake 5
Monday, March 20th, 2017 - OOTP Baseball 17.12 Build 75